 Dungeon Crawl Stone Soup version 0.30-a0-972-gf3ab3527aa (webtiles) character file.

Game seed: 11694420001192541443

11928 Demosthentine the Fighter (level 11, -10/80 HPs)
             Began as a Demonspawn Gladiator on Mar 31, 2023.
             Was a Believer of Hepliaklqana.
             Killed from afar by a fire giant (36 damage)
             ... with a fireball
             ... on level 10 of the Dungeon.
             The game lasted 00:12:12 (9921 turns).

Demosthentine the Fighter (Demonspawn Gladiator)    Turns: 9921, Time: 00:12:13

Health: -10/80     AC: 13    Str: 30    XL:     11   Next: 55%
Magic:  13/13      EV: 16    Int:  9    God:    Hepliaklqana [**....]
Gold:   560        SH:  5    Dex: 16    Spells: 10/10 levels left

rFire   . . .      SeeInvis .    k - +3 trident
rCold   . . .      Faith    .    B - +0 buckler {rPois}
rNeg    . . .      Spirit   .    y - +0 troll leather armour
rPois   +          Reflect  .    x - +1 helmet
rElec   .          Rampage  .    i - +2 cloak
rCorr   .                        (no gloves)
Will    .....                    (boots unavailable)
Stlth   +                        (no amulet)
HPRegen 1.13/turn                l - +6 ring of strength
MPRegen 0.13/turn                a - +6 ring of strength

@: hasted, very quick
A: reduced essence, hooves 3, thin metallic scales 1, foul stench 2, spiny 1
a: Renounce Religion, Recall Ancestor, Ancestor Identity


You were on level 10 of the Dungeon.
You worshipped Hepliaklqana.
Hepliaklqana was pleased with you.
You visited 2 branches of the dungeon, and saw 11 of its levels.
You also visited: Sewer.

You collected 560 gold pieces.

Inventory:

Hand Weapons
 k - a +3 trident (weapon)
Missiles
 e - 3 javelins (quivered)
Armour
 i - a +2 cloak (worn)
 x - a +1 helmet (worn)
 y - a +0 troll leather armour (worn)
 B - a +0 buckler of poison resistance (worn)
Jewellery
 a - a +6 ring of strength (right hand)
 l - a +6 ring of strength (left hand)
Wands
 b - a wand of acid (5)
 d - a wand of paralysis (27)
Scrolls
 c - a scroll of enchant weapon
 g - 2 scrolls of teleportation
 m - 2 scrolls of butterflies
 p - a scroll of blinking
 t - 2 scrolls of amnesia
 w - 2 scrolls of enchant armour
Potions
 f - 4 potions of flight
 h - 2 potions of brilliance
 j - 4 potions of lignification
 n - a potion of attraction
 o - 2 potions of curing
 q - 2 potions of haste
 r - 6 potions of heal wounds
 s - a potion of invisibility
 u - a potion of magic
 z - a potion of ambrosia
 A - a potion of mutation {unknown}


   Skills:
 + Level 9.3 Fighting
 + Level 8.7 Polearms
 - Level 1.7 Throwing
 - Level 7.5 Armour
 + Level 8.7 Dodging
 - Level 5.0 Shields
 + Level 2.8 Invocations


You had 10 spell levels left.
You didn't know any spells.
Your spell library contained the following spells:

 Spells                   Type           Power      Damage    Failure   Level
 Apportation              Tloc           0%         N/A       50%         1
 Magic Dart               Conj           0%         1d3       50%         1
 Necrotise                Necr           0%         1d4       50%         1
 Slow                     Hex            0%         N/A       50%         1
 Summon Small Mammal      Summ           0%         N/A       50%         1
 Scorch                   Fire           0%         2d5       65%         2
 Searing Ray              Conj           0%         2d4       65%         2
 Static Discharge         Conj/Air       0%         2-2/arc   65%         2
 Call Canine Familiar     Summ           0%         N/A       86%         3
 Confusing Touch          Hex            0%         N/A       86%         3
 Frozen Ramparts          Ice            0%         1d1       86%         3
 Portal Projectile        Hex/Tloc       0%         N/A       86%         3
 Tukima's Dance           Hex            0%         N/A       86%         3
 Vampiric Draining        Necr           0%         2d6       86%         3
 Vhi's Electric Charge    Tloc/Air       0%         N/A       86%         3
 Flame Wave               Conj/Fire      0%         2d4       99%         4
 Fulminant Prism          Conj/Hex       0%         3d5       99%         4
 Ice Form                 Ice/Tmut       0%         N/A       99%         4
 Leda's Liquefaction      Hex/Erth       0%         N/A       99%         4
 Summon Ice Beast         Ice/Summ       0%         N/A       99%         4
 Summon Lightning Spire   Summ/Air       0%         N/A       99%         4
 Agony                    Necr           0%         N/A       100%        5
 Arcjolt                  Conj/Air       0%         1d10      100%        5
 Blade Hands              Tmut           0%         N/A       100%        5
 Freezing Cloud           Conj/Ice/Air   0%         6-21      100%        5
 Plasma Beam              Fire/Air       0%         2x1d7     100%        5
 Simulacrum               Ice/Necr       0%         N/A       100%        6
 Summon Cactus Giant      Summ           0%         N/A       100%        6
 Storm Form               Tmut/Air       0%         N/A       100%        7
 Maxwell's Capacitive Co  Air            0%         ∞         100%        8
 Polar Vortex             Ice            0%         N/A       100%        9


Dungeon Overview and Level Annotations

Branches:
Dungeon (10/15)            Temple (1/1) D:7           Sewer (visited)
   Lair: D:8-11         Orc: D:9-12

Altars:
Ashenzari
Cheibriados
Dithmenos
Fedhas
Gozag
Hepliaklqana
Kikubaaqudgha
Makhleb
Nemelex Xobeh
Okawaru
Qazlal
Ru
Sif Muna
Trog
Uskayaw
Vehumet
Wu Jian
Xom
Yredelemnul

Shops:
D:7 [

Annotations:
Temple 2 transporters


Innate Abilities, Weirdness & Mutations

Your life essence is reduced to manifest your ancestor. (-10% HP)
You have hooves in place of feet.
You are partially covered in thin metallic scales. (AC +2)
You sometimes emit foul miasma when damaged in melee.
You are partially covered in sharp spines.


Message History

Thabo drains the satyr.
Unknown command.
Unknown command.
You puncture the satyr!
You kill the satyr!
No target in view!
Unknown command.
No target in view!
Unknown command.
No target in view!
Unknown command.
Magic restored.
HP restored.
There is a stone staircase leading up here.
A fire giant is nearby!
A fire giant is nearby!
A fire giant is nearby!
A fire giant is nearby!
You feel yourself speed up.
The fire giant points at Thabo and mumbles some strange words.
The fireball explodes!
The fireball engulfs Thabo!
Thabo resists.
The fireball engulfs you!!!
You hear a shout!
You reach to attack!
You barely miss the fire giant.
A deep troll comes into view.
You puncture the fire giant!
The fire giant is lightly wounded.
The fire giant hits you with a +0 great sword of flaming!!
The fire giant burns you.
You puncture the fire giant! You kick the fire giant.
The fire giant is moderately wounded.
Thabo hits the fire giant but does no damage.
Thabo hits the fire giant with a +0 dagger of draining.
Thabo drains the fire giant.
You hit the fire giant but do no damage.
The fire giant is moderately wounded.
The fire giant points at you and mumbles some strange words.
The fireball explodes!
The fireball engulfs you!!!
You die...

##.......## .........#...###
##.........###...........#+###
#.................#####..#
................T.# #..#
..................# #..#
..................# #..#
..................#####..##
..........................#
...............C@.........#
...)............R.........####
....)###....#####............##
....## #...# #.....<........
....# #...# #....<.<.......
...†## ##...# #......†.......
.....###....#####..........PP..
...........................PP..
...........................PP..♣♣


You could see the friendly Thabo the hexer, a fire giant (drained, ally target)
and a deep troll.

Vanquished Creatures
  2 centaur warriors (D:10)
  A tengu warrior (D:9)
  A satyr (shapeshifter) (D:10)
  A kobold demonologist (D:9)
  2 trolls (D:10)
  A hornet (D:9)
  Grinder (D:4)
  A wyvern (D:9)
  2 shadows
  A wraith (D:10)
  17 yaks
  A steam dragon (D:7)
  2 acid dragons
  A water moccasin (D:8)
  Duvessa (D:7)
  2 orc warriors
  3 ice beasts
  3 sky beasts
  3 ogres
  A centaur (D:10)
  2 phantoms
  3 kobold brigands (D:9)
  Blork the orc (D:4)
  A gnoll sergeant (D:7)
  6 bullfrogs
  4 scorpions
  7 wights
  Dowan (D:7)
  3 killer bees (D:9)
  3 howler monkeys
  A bullfrog zombie (D:5)
  4 jellies
  3 hounds (D:5)
  2 orc priests
  2 iguanas
  3 orc wizards
  A killer bee zombie (D:5)
  Robin (D:3)
  13 gnolls
  13 adders
  A shadow imp (D:6)
  A white imp (D:7)
  3 dart slugs
  15 orcs
  12 endoplasms
  18 giant cockroaches
  15 goblins
  5 hobgoblins
  7 jackals (D:4)
  12 quokkas
  16 ball pythons
  7 bats
  11 frilled lizards
  20 kobolds
  5 rats
269 creatures vanquished.

Vanquished Creatures (collateral kills)
  A hydra (D:10)
  3 yaks
  A kobold brigand (D:9)
  A gnoll sergeant (D:10)
  A howler monkey (D:10)
  An orc wizard (D:10)
  A dart slug (D:10)
  3 orcs
  3 kobolds (D:9)
15 creatures vanquished.

Vanquished Creatures (others)
  An ancestor (D:9)
  2 hexers (D:10)
3 creatures vanquished.

Grand Total: 287 creatures vanquished

Notes
Turn   | Place    | Note
-------+----------+-------------------------------------------
     0 | D:1      | Demosthentine the Demonspawn Gladiator began the quest for
                  | the Orb.
     0 | D:1      | Reached XP level 1. HP: 16/16 MP: 1/1
   222 | D:1      | Gained mutation: You may rarely emit foul miasma when
                  | damaged in melee. [demonic ancestry]
   222 | D:1      | Reached XP level 2. HP: 22/22 MP: 2/2
  1048 | D:2      | Gained mutation: You have large cloven feet. [demonic
                  | ancestry]
  1048 | D:2      | Reached XP level 3. HP: 27/28 MP: 3/3
  1050 | D:2      | Reached skill level 1 in Armour
  1097 | D:2      | Identified the +0 ring mail "Saholay" {rElec rPois Str-3}
  1523 | D:3      | Noticed Robin
  1547 | D:3      | Killed Robin
  1689 | D:3      | Gained mutation: You have hoof-like feet. [demonic
                  | ancestry]
  1689 | D:3      | Reached XP level 4. HP: 34/34 MP: 4/4
  1813 | D:3      | Identified the +5 ring mail of the Exceptional God {Harm
                  | rF+}
  2157 | D:3      | Reached skill level 3 in Fighting
  2321 | D:4      | Noticed Blork the orc
  2335 | D:4      | Found an opulent altar of Gozag.
  2337 | D:4      | HP: 1/35 [Blork the orc/puff of flame (9)]
  2340 | D:4      | Killed Blork the orc
  2341 | D:4      | Gained mutation: You have hooves in place of feet. [demonic
                  | ancestry]
  2341 | D:4      | Reached XP level 5. HP: 2/41 MP: 5/5
  2505 | D:4      | Found an ancient bone altar of Kikubaaqudgha.
  2505 | D:4      | Noticed a phantom
  2528 | D:4      | Killed a phantom
  2582 | D:4      | Reached XP level 6. HP: 40/47 MP: 6/6
  2656 | D:4      | Noticed Grinder
  2673 | D:4      | Killed Grinder
  2674 | D:4      | Reached skill level 4 in Fighting
  2811 | D:4      | Reached XP level 7. HP: 23/54 MP: 7/7
  3033 | D:4      | Found a broken altar of Ashenzari.
  3035 | D:4      | Found an ornate altar of the Wu Jian Council.
  3035 | D:4      | Found an iron altar of Okawaru.
  3283 | D:5      | Entered Level 5 of the Dungeon
  3541 | D:5      | Paralysed by a gnoll for 4 turns
  3567 | D:5      | Reached skill level 5 in Dodging
  3569 | D:5      | Reached skill level 5 in Polearms
  3569 | D:5      | Gained mutation: You are partially covered in thin metallic
                  | scales. (AC +2) [demonic ancestry]
  3569 | D:5      | Reached XP level 8. HP: 45/61 MP: 8/8
  3610 | D:5      | Reached skill level 5 in Fighting
  4033 | D:5      | Found a basalt altar of Yredelemnul.
  4161 | D:5      | Found a sparkling altar of Nemelex Xobeh.
  4172 | D:5      | Found a bloodstained altar of Trog.
  4274 | D:6      | Found a glowing drain.
  4295 | Sewer    | Entered a sewer
  4836 | D:6      | Reached skill level 6 in Fighting
  4836 | D:6      | Reached skill level 5 in Armour
  4851 | D:6      | Gained mutation: You sometimes emit foul miasma when
                  | damaged in melee. [demonic ancestry]
  4851 | D:6      | Reached XP level 9. HP: 49/69 MP: 9/9
  5362 | D:7      | Found Pesofuck's Armour Emporium.
  5531 | D:7      | Found a blossoming altar of Fedhas.
  5587 | D:7      | Found a staircase to the Ecumenical Temple.
  5610 | Temple   | Entered the Ecumenical Temple
  5610 | Temple   | Found a transporter.
  5610 | Temple   | Found a transporter.
  5615 | Temple   | Found a transporter.
  5615 | Temple   | Found a transporter.
  5637 | Temple   | Became a worshipper of Hepliaklqana the Forgotten
  5723 | D:7      | Noticed Duvessa
  5729 | D:7      | Killed Duvessa
  5732 | D:7      | Noticed Dowan
  5741 | D:7      | Killed Dowan
  6903 | D:8      | Reached skill level 7 in Fighting
  6903 | D:8      | Reached skill level 1 in Shields
  6940 | D:8      | Gained mutation: You are partially covered in sharp spines.
                  | [demonic ancestry]
  6940 | D:8      | Reached XP level 10. HP: 19/79 MP: 10/10
  7369 | D:8      | Reached * piety under Hepliaklqana
  8193 | D:9      | Found a burning altar of Makhleb.
  8629 | D:9      | Noticed a soul eater
  8637 | D:9      | Reached skill level 8 in Fighting
  8851 | D:9      | Reached ** piety under Hepliaklqana
  8852 | D:9      | Remembered your ancestor Thabo as a hexer
  8856 | D:9      | Found a radiant altar of Vehumet.
  9088 | D:10     | Entered Level 10 of the Dungeon
  9124 | D:10     | Found a snail-covered altar of Cheibriados.
  9370 | D:10     | Noticed a tengu warrior
  9370 | D:10     | Noticed a centaur warrior
  9371 | D:10     | Noticed a seven-headed hydra
  9415 | D:10     | Reached XP level 11. HP: 74/78 MP: 11/11
  9425 | D:10     | Noticed a fire giant
  9430 | D:10     | a yaktaur changed into a fire crab
  9430 | D:10     | Noticed a fire crab (shapeshifter)
  9669 | D:10     | Noticed a centaur warrior
  9679 | D:10     | Killed a centaur warrior
  9714 | D:10     | Killed a centaur warrior
  9761 | D:10     | Killed a seven-headed hydra
  9765 | D:10     | Noticed a great orb of eyes
  9773 | D:10     | Reached skill level 5 in Shields
  9784 | D:10     | a great orb of eyes changed into a bunyip
  9784 | D:10     | Noticed a bunyip (shapeshifter)
  9785 | D:10     | a bunyip changed into a satyr
  9785 | D:10     | Noticed a satyr (shapeshifter)
  9789 | D:10     | HP: 2/78 [yak (7)]
  9866 | D:9      | Reached skill level 9 in Fighting
  9872 | D:9      | Killed a tengu warrior
  9873 | D:9      | Reached skill level 1 in Invocations
  9899 | D:10     | Killed a satyr
  9918 | D:10     | Noticed a deep troll
  9921 | D:10     | Killed from afar by a fire giant

Illustrated notes

Levels and vault maps discovered:
D:1:      minmay_arrival_shattered_statue, layout_basic
D:2:      layout_loops_ring, st_stairs_11, kennysheep_generic_room_16
D:3:      layout_loops_ring, due_unseen_surprise, uniq_robin
D:4:      layout_basic, lemuel_round_altar,
          chequers_temple_overflow_statue_of_worship, minmay_ruptured,
          uniq_blork_the_orc, uniq_grinder
D:5:      layout_loops_cross, lemuel_zombie_altar_yredelemnul,
          trog_butcher_becter, serial_glass, glass_columns_b, glass_columns_c,
          glass_columns_c, glass_columns_c, glass_columns_b,
          hangedman_feature_mirror, st_stairs_14
D:6:      layout_cave_pools, serial_park, serial_park_square1
          [serial_park_minivault_5x5_7], serial_park_tiny_pond,
          serial_park_gazebo [serial_park_minivault_5x5_3],
          gup_sewer_entry_glass
D:7:      layout_gridville, mainiacjoe_overflow_six_doors_small,
          minmay_temple_entry_statues_fountains, kennysheep_small_circle,
          uniq_duvessa
D:8:      layout_gridville, mainiacjoe_overflow_small_starburst
D:9:      layout_long_grid, mainiacjoe_overflow_brackets,
          nicolae_overflow_crystal_walls, roderic_lattice_a
D:10:     layout_big_octagon, kennysheep_slug_shrine,
          mainiacjoe_overflow_chevrons, nicolae_rejected_hall
Temple:   hellmonk_temple_divided_pantheon

Skill      XL: |  1  2  3  4  5  6  7  8  9 10 11 |
---------------+----------------------------------+-----
Dodging        | 3 4 5 6 7 8 |  8.7
Polearms       | 3 4 5 6 7 8 |  8.7
Armour         | 1 2 3 5 6 7 |  7.5
Fighting       | 3 4 6 7 8 9 |  9.3
Shields        | 2 4 5 |  5.0
Invocations    | 2 |  2.8
Throwing       | |  1.7

Action                     |  1- 3 |  4- 6 |  7- 9 | 10-12 || total
---------------------------+-------+-------+-------+-------++-------
  Melee: Trident           |   137 |   119 |   466 |   174 ||   896
         Punch             |     1 |     1 |     1 |     4 ||     7
         Kick              |     7 |    19 |    94 |    56 ||   176
         Spear             |       |       |       |    57 ||    57
  Throw: Throwing net      |       |     3 |     2 |       ||     5
         Javelin           |       |       |     1 |       ||     1
 Invoke: Ancestor Life: He |       |       |       |     1 ||     1
    Use: Scroll            |     9 |     5 |     9 |     4 ||    27
         Potion            |       |     1 |     1 |     2 ||     4
   Stab: Sleeping          |     4 |     1 |     3 |       ||     8
         Invisible         |       |     1 |       |       ||     1
         Held in net/web   |       |     1 |       |       ||     1
         Distracted        |       |       |     1 |     5 ||     6
         Confused          |       |       |       |     4 ||     4
 Armour: Leather armour    |    45 |    33 |   107 |    45 ||   230
         Troll leather arm |       |       |       |    21 ||    21
  Dodge: Dodged            |    80 |    74 |   266 |   139 ||   559
  Block: Buckler           |       |       |       |     9 ||     9

Table legend: (Time is in decaauts)
 A = Elapsed time spent in this place.
 B = Non-inter-level travel time spent in this place.
 C = Inter-level travel time spent in this place.
 D = Time resting spent in this place.
 E = Time spent auto-exploring this place.
 F = Levels seen in this place.
 G = Mean time per level.
                   A        B        C        D        E       F      G
               +--------+--------+--------+--------+--------+-----+--------+
         Total |  10007 |   9701 |    306 |   1054 |   6692 |  12 |  833.9 |
       Dungeon |   9485 |   9179 |    306 |   1054 |   6471 |  10 |  948.5 |
        Temple |     66 |     66 |      0 |      0 |     11 |   1 |   66.0 |
         Sewer |    454 |    454 |      0 |      0 |    209 |   1 |  454.0 |
               +--------+--------+--------+--------+--------+-----+--------+

Top non-repeatable levels by time:
     D:9: 1588 daAuts
     D:7: 1335 daAuts
     D:4: 975 daAuts
     D:5: 970 daAuts
     D:8: 883 daAuts
     D:3: 827 daAuts
     D:2: 802 daAuts
    D:10: 729 daAuts
     D:1: 714 daAuts
     D:6: 657 daAuts
   Sewer: 454 daAuts
  Temple: 66 daAuts
